AoeStats
← КОБИАН

Arena

509541739Analyzed
3v3 RM · 6d ago on Sep 27, 2026· 64m 8s· 6 players
Game mode
Random Map
Map size
Normal (6 player)
Population
200
Speed
Normal
Resources
Standard
Victory
Conquest
Starting age
Dark Age
Ending age
Imperial Age
RankedLock teamsTeams togetherTeam positionsShared explorationLock speedFull tech treeHidden civsTurbo modeCheats
Victory
Defeat
🇦🇷 Malay · Argentina
1056
+16
🇲🇽 Khmer · Mexico
999
+19
🇲🇽 Turks · Mexico
959
+20
🇫🇷 Koreans · France
1074
-19
🇺🇸 Britons · United States
1064
-19
🇭🇰 Khmer · Hong Kong SAR China
1034
-17
TuckerFudPucker
10:42 Feudal Age
11:56 Double-Bit Axe
12:00 Horse Collar
13:38 Loom
16:14 Castle Age
15:03 Fletching
18:26 Bow Saw
17:58 Crossbowman
19:46 Gold Mining
20:12 Heavy Plow
21:38 Bodkin Arrow
21:44 Town Watch
22:48 Padded Archer Armor
23:54 Ballistics
25:37 Wheelbarrow
26:40 Leather Archer Armor
26:24 Stone Mining
27:53 Masonry
27:23 Treadmill Crane
32:15 Imperial Age
29:50 Pikeman
30:31 Squires
30:37 Scale Mail Armor
30:47 Forging
32:33 Chain Mail Armor
33:03 Bracer
32:43 Arbalester
34:34 Chemistry
33:11 Halberdier
35:30 Conscription
35:34 Yeomen
36:01 Iron Casting
37:04 Hand Cart
39:08 Hoardings
39:05 Architecture
39:45 Ring Archer Armor
39:45 Plate Mail Armor
40:16 Blast Furnace
44:59 Two-Man Saw
44:02 Warwolf
54:30 Scale Barding Armor
54:37 Light Cavalry
55:18 Husbandry
54:53 Elite Skirmisher
56:08 Chain Barding Armor
58:26 Plate Barding Armor
ZC_39
11:04 Feudal Age
12:00 Double-Bit Axe
12:02 Horse Collar
15:52 Castle Age
16:46 Heavy Plow
16:59 Bow Saw
18:37 Wheelbarrow
24:15 Stone Mining
25:40 Pikeman
26:41 Gold Mining
29:39 Gold Shaft Mining
29:28 Hand Cart
31:01 Ballistics
30:37 Murder Holes
34:46 Imperial Age
33:01 Forging
32:57 Scale Barding Armor
32:16 Light Cavalry
33:06 Bloodlines
32:57 Husbandry
33:56 Bloodlines
34:52 Iron Casting
35:09 Chain Barding Armor
35:08 Halberdier
35:13 Hussar
37:31 Blast Furnace
40:11 Scale Mail Armor
40:46 Plate Barding Armor
53:54 Arson
58:24 Chain Mail Armor
58:00 Fletching
58:11 Padded Archer Armor
60:59 Bodkin Arrow
61:20 Leather Archer Armor
Holylight
4:53 Loom
10:44 Feudal Age
12:08 Wheelbarrow
11:24 Double-Bit Axe
11:24 Horse Collar
19:23 Castle Age
17:17 Fletching
17:24 Gold Mining
17:41 Stone Mining
21:15 Gold Shaft Mining
21:24 Bodkin Arrow
24:07 Thumb Ring
25:04 Bow Saw
27:53 Hand Cart
28:44 Ballistics
30:08 Thumb Ring
34:18 Imperial Age
33:19 Heavy Plow
35:11 Siege Engineers
34:41 Heavy Rocket Cart
38:08 Shinkichon
39:09 Bracer
40:47 Chemistry
42:31 Masonry
42:16 Murder Holes
42:45 Conscription
42:42 Fortified Wall
52:05 Architecture
51:16 Treadmill Crane
51:32 Murder Holes
51:58 Elite Skirmisher
60:02 Arrowslits
fabreprit
11:18 Feudal Age
15:25 Castle Age
15:50 Double-Bit Axe
16:07 Horse Collar
16:42 Bow Saw
19:14 Heavy Plow
25:27 Imperial Age
23:00 Gold Mining
23:34 Scale Barding Armor
24:02 Forging
25:23 Chain Barding Armor
26:19 Iron Casting
25:49 Husbandry
26:00 Bloodlines
31:40 Plate Barding Armor
38:33 Conscription
40:17 Wheelbarrow
КОБИАН
10:36 Feudal Age
11:32 Loom
13:38 Loom
16:10 Castle Age
14:34 Double-Bit Axe
14:55 Horse Collar
17:38 Bow Saw
28:26 Fletching
28:36 Gold Mining
28:56 Heavy Plow
29:19 Bodkin Arrow
30:28 Wheelbarrow
30:25 Padded Archer Armor
32:11 Hand Cart
33:18 Gold Shaft Mining
32:34 Stone Mining
33:21 Ballistics
33:21 Stone Mining
34:34 Forging
34:30 Scale Barding Armor
34:51 Bloodlines
35:08 Masonry
35:57 Light Cavalry
40:23 Imperial Age
38:20 Husbandry
38:34 Tusk Swords
38:30 Town Watch
39:34 Fortified Wall
39:47 Chain Barding Armor
40:03 Iron Casting
41:45 Crop Rotation
40:38 Cavalier
42:25 Conscription
43:02 Hussar
45:07 Bracer
47:54 Heavy Scorpion
49:56 Blast Furnace
49:23 Elite Skirmisher
51:45 Chemistry
51:06 Leather Archer Armor
56:53 Caravan
57:24 Coinage
58:43 Banking
62:27 Parthian Tactics
61:22 Heavy Cavalry Archer
63:41 Double Crossbow
Vicio
1:04 Loom
11:54 Feudal Age
11:33 Double-Bit Axe
17:10 Castle Age
30:34 Imperial Age
29:14 Forging
29:45 Bow Saw
29:18 Horse Collar
31:16 Capped Ram
33:16 Conscription
37:35 Fletching
38:28 Heavy Plow
39:40 Iron Casting
38:50 Treadmill Crane
39:20 Masonry
42:58 Blast Furnace
42:21 Ballistics
43:01 Chemistry
42:16 Town Watch
43:06 Wheelbarrow
41:54 Elite Karambit Warrior
44:26 Town Patrol
44:42 Hand Cart
44:30 Padded Archer Armor
44:26 Bodkin Arrow
43:53 Elite Skirmisher
44:38 Thumb Ring
45:27 Leather Archer Armor
49:56 Caravan
50:29 Coinage
51:56 Ring Archer Armor
51:26 Bracer
52:56 Scale Barding Armor
53:22 Siege Engineers
53:30 Murder Holes
54:48 Gold Mining
54:48 Stone Mining
60:15 Banking
62:41 Forced Levy
Connection lost

Rejoining the realm…

Still unreachable

The connection could not be restored.

Session expired

The server has moved on; the page needs a fresh start.